 Dungeon Crawl Stone Soup version 0.23.2-30-g0e89c35649 (webtiles) character file.

Game seed: 8645154521501362623

20 Solarlg the Vexing (level 2, -1/23 HPs)
             Began as a Centaur Arcane Marksman on June 11, 2019.
             Slain by an adder (2 damage)
             ... on level 1 of the Dungeon.
             The game lasted 00:04:12 (893 turns).

Solarlg the Vexing (Centaur Arcane Marksman)         Turns: 893, Time: 00:04:12

Health: -1/23      AC:  4    Str: 12    XL:     2   Next: 58%
Magic:  3/3        EV:  9    Int: 12    God:
Gold:   63         SH:  0    Dex:  9    Spells: 2/3 levels left

rFire    . . .     SeeInvis .   (no weapon)
rCold    . . .     Gourm    .   (no shield)
rNeg     . . .     Faith    .   a - +0 robe
rPois    .         Spirit   .   (no helmet)
rElec    .         Reflect  .   (no cloak)
rCorr    .         Harm     .   (no gloves)
MR       .....                  (no barding)
Stlth    +.........             (no amulet)
HPRegen  0.07/turn              (no ring)
MPRegen  0.08/turn              (no ring)

@: lethally poisoned (-1 -> -7), very quick
A: large, hooves 3, deformed body, speed 2, tough skin 3
a: no special abilities


You were on level 1 of the Dungeon.
You were not hungry.

You visited 1 branch of the dungeon, and saw 2 of its levels.

You collected 63 gold pieces.

Inventory:

Missiles
 c - 3 javelins (quivered)
 d - 2 throwing nets
Armour
 a - a +0 robe (worn)
Jewellery
 b - a +2 ring of protection {unknown}
 i - an uncursed ring of fire {unknown}
Scrolls
 e - a scroll of teleportation {unknown}
 g - a scroll of amnesia {unknown}
 k - a scroll of random uselessness {unknown}
 l - a scroll of identify {unknown}
Potions
 h - a potion of curing {unknown}
Comestibles
 f - 2 rations
 j - 4 chunks of flesh


   Skills:
 - Level 1.0 Fighting
 + Level 2.8 Throwing
 - Level 1.3 Dodging
 - Level 1.0 Spellcasting
 + Level 3.2 Hexes


You had 2 spell levels left.
You knew the following spells:

 Your Spells              Type           Power        Failure   Level  Hunger
a - Corona                Hex            #......      8%          1    ##.....

Your spell library contained the following spells:

 Spells                   Type           Power        Failure   Level  Hunger
 Slow                     Hex            #.......     12%         2    ###....
 Inner Flame              Hex/Fire       #.......     43%         3    ####...
 Portal Projectile        Hex/Tloc       #.....       43%         3    ####...
 Cause Fear               Hex            #.........   61%         4    #####..
 Leda's Liquefaction      Hex/Erth       #.........   83%         4    #####..


Dungeon Overview and Level Annotations

Branches:
Dungeon (2/15)

Altars:


Innate Abilities, Weirdness & Mutations

You have hooves in place of feet.
Armour fits poorly on your strangely shaped body.
You cover ground very quickly.
You have extremely tough skin. (AC +3)


Message History

Fire/throw which item? (* to show all) (? for menu, Esc to quit)
Okay, then.
Drop what? 12/52 slots (_ for help) (? for menu, Esc to quit)
Okay, then.
Drop what? 12/52 slots (_ for help) (? for menu, Esc to quit)
Okay, then.
Unknown command.
Throwing (i - inventory. (/) - cycle)
c - 5 javelins (quivered)
Press: ? - help, Shift-Dir - straight line, f - adder
Aim: an adder (lightly wounded)
You throw a javelin. The javelin barely misses the adder.
The adder bites you.
* * * LOW HITPOINT WARNING * * *
The adder bites you but does no damage.
Throwing (i - inventory. (/) - cycle)
c - 4 javelins (quivered)
Press: ? - help, Shift-Dir - straight line, f/p - adder
Aim: an adder (lightly wounded)
You throw a javelin. The javelin closely misses the adder.
* * * LOW HITPOINT WARNING * * *
You feel sick. The adder bites you.
You die...

######
.....#######
...........#
...#..####.#
#........#.#######
...#..##........S#
......####.#####@#
......####.# #.##
...........# #..#
...##.###### ##.#
.#.##.##### #.#
.#........# #.#
..........#
#####.####
.#........#
#........#
#.........#
#.#.#.#..#


You could see an adder.

Vanquished Creatures
  A dart slug (D:1)
  A leopard gecko (D:1)
  2 giant cockroaches (D:1)
  3 hobgoblins (D:1)
  4 jackals (D:1)
  A kobold (D:1)
  3 rats (D:1)
15 creatures vanquished.

Notes
Turn   | Place    | Note
-------+----------+-------------------------------------------
     0 | D:1      | Solarlg the Centaur Arcane Marksman began the quest for the
                  | Orb.
     0 | D:1      | Reached XP level 1. HP: 16/16 MP: 2/2
    52 | D:1      | Reached skill level 3 in Hexes
   444 | D:1      | Reached XP level 2. HP: 21/23 MP: 3/3
   893 | D:1      | HP: 1/23 [poisoned by an adder]
   893 | D:1      | Slain by an adder

Skill      XL: |  1 |
---------------+----+-----
Hexes          | 3 |  3.2
Fighting       | |  1.0
Throwing       | |  2.8
Dodging        | |  1.3
Spellcasting   | |  1.0

Action                   || total
-------------------------++-------
Melee: Unarmed           ||    78
       Kick              ||    13
Throw: Javelin           ||     2
Armor: Robe              ||    26
Dodge: Dodged            ||    32
